Map: Port Aleksander LE

Players

HellraiseR - Winner!

  • Race: Protoss Protoss
  • League: Master
  • Spawn Location: 5:00

Denver

  • Race: Zerg Zerg
  • League: Master
  • Spawn Location: 11:00

Event: 2019 WCS Winter Europe

VOD

Have the link to the VOD?

Description

Time

  • Played on: Feb. 3, 2019, 12:11 p.m.
  • Length: 8:25

All games in this series

Show
View Real Time Build Order
Export as new Build Order

HellraiseR Protoss - Winner!

Build Orders:  

Get SALT Encoding   

  12  0:00  Probe  
  13  0:12  Probe  
  14  0:18  Pylon  
  14  0:22  Probe  
  15  0:32  Probe  
  15  0:38  Forge  
  15  0:40  Probe  
  17  0:59  Pylon  
  17  1:08  Pylon x2  
  17  1:18  Photon Cannon  
  17  1:23  Gateway  
  17  1:29  Probe  
  18  1:39  Photon Cannon  
  18  1:41  Probe  
  18  1:44  Assimilator  
  20  2:00  Photon Cannon  
  20  2:02  Zealot  
  20  2:05  Photon Cannon  
  19  2:15  Probe  
  22  2:26  Cybernetics Core  
  22  2:35  Assimilator  
  23  2:39  Probe  
  23  2:43  Photon Cannon  
  23  2:54  Probe  
  23  2:55  Stalker  
  22  3:03  Warp Gate  
  24  3:06  Probe  
  25  3:21  Shield Battery  
  25  3:22  Probe  
  25  3:23  Stalker  
  28  3:29  Pylon  
  28  3:35  Robotics Facility  
  28  3:50  Pylon  
  28  3:53  Shield Battery  
  28  3:57  Stalker  
  30  4:04  Shield Battery  
  30  4:15  Shield Battery  
  30  4:19  Immortal  
  34  4:51  Shield Battery  
  34  4:54  Stalker  
  36  5:00  Immortal  
  34  5:22  Pylon  
  34  5:25  Pylon  
  34  5:38  Stalker  
  34  5:40  Gateway  
  36  5:55  Immortal  
  40  6:04  Stalker  
  42  6:15  Shield Battery  
  42  6:25  Gateway  
  42  6:32  Warp Prism  
  42  6:37  Sentry  
  46  6:46  Stalker  
  46  7:05  Stalker  
  48  7:08  Observer  
  48  7:17  Stalker  
  48  7:21  Stalker  
  48  7:37  Immortal  
  48  7:43  Stalker x2  
  50  7:57  Adept  
  52  8:08  Adept x2  
Show
View Real Time Build Order
Export as new Build Order

Denver Zerg 

Build Orders: Hatch First, Swarm Host 

Get SALT Encoding   

  12  0:00  Drone  
  13  0:12  Overlord  
  13  0:18  Drone  
  14  0:31  Drone x2  
  16  0:49  Hatchery  
  15  0:52  Drone  
  16  0:57  Drone  
  17  1:16  Spawning Pool  
  16  1:24  Drone  
  17  1:38  Drone  
  18  1:44  Drone  
  19  1:51  Drone x2  
  21  1:56  Extractor  
  20  2:07  Queen  
  22  2:11  Zergling x2  
  22  2:14  Zergling x2  
  24  2:16  Extractor  
  24  2:22  Spine Crawler  
  22  2:28  Zergling x2  
  23  2:35  Zergling x2  
  24  2:44  Zergling x2  
  24  2:52  Lair  
  24  2:56  Overlord  
  24  3:09  Metabolic Boost  
  24  3:16  Zergling x4  
  24  3:17  Zergling x2  
  27  3:22  Zergling x2  
  27  3:26  Zergling x2  
  29  3:39  Baneling Nest  
  28  3:52  Nydus Network  
  27  3:57  Zergling x4  
  29  4:07  Overlord  
  29  4:22  Baneling x3  
  29  4:28  Nydus Canal  
  29  4:29  Zergling x2  
  29  4:30  Zergling x4  
  32  4:50  Zergling x2  
  30  4:53  Baneling x2  
  30  4:56  Zergling x6  
  31  5:08  Zergling x2  
  27  5:20  Zergling x2  
  22  5:24  Zergling x6  
  23  5:30  Infestation Pit  
  23  5:34  Zergling x2  
  23  5:43  Nydus Canal  
  23  5:46  Zergling x2  
  23  5:56  Zergling x2  
  23  5:57  Zergling x6  
  26  6:08  Swarm Host  
  29  6:19  Swarm Host  
  32  6:28  Swarm Host  
  35  6:37  Overlord  
  34  7:05  Swarm Host x2  
  39  7:13  Zergling x2  
  39  7:14  Zergling x4  
  42  7:16  Zergling x2  
  38  7:37  Zergling x4  
  25  7:48  Zergling x2  
Tags
 
Add a new tag
Caveats
  • Supply blocks, unpowered buildings, or Contaminate may cause inaccurate times.
  • Supply counts are checked every 10 seconds.